Unix NetHack Version 5.0.0-0 post-release - last build Jul 19 2026 19:10:59 (3aa4ab31751d3886436d94b585a96704892fd477,branch:main).

Game began 2026-07-03 23:50:57, ended 2026-07-30 20:14:12.

Enkindle23, neutral male human Barbarian

                                        --------
                                        |`...|.---
                              ----------|....`...|
                              |.......|.|.`-.`.-.|
                              |.......|.`....-...|
                              |.......|...|....-.|
                              |...<...|-.--.-....|
                              |.......|..........|
                            --|.x.....|...|...--.|
                            |@Zaax....|---|.-....|
                            |d|------------....---
                            |.-...........^>...|
                            --------------------

Enkindle23 the Pillager    St:18/02 Dx:16 Co:17 In:9 Wi:7 Ch:7  Neutral
Dlvl:3  $:332 HP:0(59) Pw:11(11) AC:6  Xp:5 T:2541 

Latest messages:
 The soldier ant just misses!
 Are you sure you want to pray? [yn] (n) y
 You begin praying to Crom.
 You are surrounded by a shimmering light.
 The soldier ant starts to attack you, but pulls back.
 The soldier ant starts to attack you, but pulls back.
 The soldier ant starts to attack you, but pulls back.
 The coyote starts to attack you, but pulls back.
 The soldier ant starts to attack you, but pulls back.
 You finish your prayer.
 You feel that Crom is well-pleased.
 You feel much better.
 You smite the soldier ant!
 The coyote misses!
 The soldier ant bites!
 The soldier ant stings!
 The soldier ant bites!
 The soldier ant stings!
 You kill the soldier ant!
 The coyote bites!
 The ghoul eats a soldier ant corpse!
 You smite the ghoul!
 The coyote bites!
 The ghoul just misses!
 The ghoul hits!
 You smite the ghoul!
 The coyote bites!
 The ghoul hits!
 You are frozen by the ghoul!
 The ghoul hits again!
 The coyote bites!
 The coyote bites!
 The ghoul hits!
 The ghoul hits again!
 The coyote bites!
 The ghoul hits!
 The ghoul hits again!
 The coyote bites!
 The ghoul hits!
 The ghoul hits again!
 The coyote bites!
 The coyote bites!
 The ghoul hits!
 The ghoul hits again!
 You die...
 Do you want your possessions identified? [ynq] (y) y
 Do you want to see your attributes? [ynq] (y) y
 Do you want an account of creatures vanquished? [ynaq] (y) y
 Do you want to see your conduct and achievements? [ynq] (y) y
 Do you want to see the dungeon overview? [ynq] (y) y

Inventory:
 Coins    ('$')
  $ - 332 gold pieces
 Weapons  (')')
  B - a +0 crossbow
  r - a blessed +0 sling
  b - a +0 axe (alternate weapon; not wielded)
  a - a rusty +0 two-handed sword (weapon in hands)
 Armor    ('[')
  o - an uncursed +0 elven cloak (being worn)
  t - an uncursed +0 studded leather armor (being worn)
 Comestibles  ('%')
  w - an uncursed cram ration
  G - an uncursed eucalyptus leaf
  d - 2 uncursed food rations
 Scrolls  ('?')
  q - an uncursed scroll of confuse monster
  c - 2 uncursed scrolls of earth
  p - an uncursed scroll of enchant armor
  y - an uncursed scroll of identify
  h - an uncursed scroll of stinking cloud
 Spellbooks  ('+')
  x - an uncursed spellbook of cancellation
  l - an uncursed spellbook of cure blindness
  A - an uncursed spellbook of detect monsters
 Potions  ('!')
  C - an uncursed potion of confusion
  g - 2 uncursed potions of extra healing
  v - an uncursed potion of gain level
  f - an uncursed potion of sleeping
 Rings    ('=')
  n - an uncursed ring of polymorph control
  D - an uncursed ring of polymorph control
  J - an uncursed ring of protection from shape changers
 Wands    ('/')
  H - a wand of locking (0:4)
  u - a wand of secret door detection (0:11)
  E - a wand of speed monster (0:6)
 Tools    ('(')
  z - an empty uncursed bag of holding
  i - an uncursed lock pick
  e - an uncursed oil lamp
 Gems/Stones  ('*')
  j - a cursed aquamarine stone
  m - an uncursed worthless piece of black glass
  k - a cursed worthless piece of green glass
  s - 3 uncursed rocks

Enkindle23 the Barbarian's attributes:

Background:
 You were a Pillager, a level 5 male human Barbarian.
 You were neutral, on a mission for Crom
 who was opposed by Mitra (lawful) and Set (chaotic).
 You were right-handed.
 You were in Sokoban, on level 3.
 You entered the dungeon 2541 turns ago.
 There was a full moon in effect when your adventure ended.
 You had 286 experience points, 34 more were needed to attain level 6.

Basics:
 You had 0 out of 59 hit points.
 You had all 11 energy points (spell power).
 Your armor class was 6.
 Your wallet contained 332 zorkmids.
 Autopickup was off.

Final Characteristics:
 Your strength was 18/02 (limit:18/100).
 Your dexterity was 16 (limit:18).
 Your constitution was 17 (limit:18).
 Your intelligence was 9 (limit:18).
 Your wisdom was 7 (limit:18).
 Your charisma was 7 (limit:18).

Final Status:
 You weren't hungry.
 You were unencumbered.
 You were wielding a two-handed sword.
 You had basic skill with two-handed sword.

Final Attributes:
 You were piously aligned.
 You were poison resistant.
 You were stealthy.
 You were warded.
 You were lucky.
 You are dead.

Miscellaneous:
 You didn't encounter any bones levels.
 Total elapsed playing time was 2 hours, 38 minutes and 32 seconds.

Major events:
 Turn
    1: Enkindle23 the neutral male human Barbarian entered the dungeon
 1178: attained the rank of Pillager (level 3)
 1504: entered Sokoban
 1751: completed 1st Sokoban level
 2076: completed 2nd Sokoban level
 2502: completed 3rd Sokoban level
 2541: killed by a ghoul, while paralyzed

You didn't know any spells.

Skills:
 Fighting Skills
   bare handed combat [Basic]
   two weapon combat  [Unskilled]
   riding             [Unskilled]
 Weapon Skills
   dagger             [Unskilled]
   axe                [Basic]
   pick-axe           [Unskilled]
   short sword        [Unskilled]
   broadsword         [Unskilled]
   long sword         [Unskilled]
   two-handed sword   [Basic]
   saber              [Unskilled]
   club               [Unskilled]
   mace               [Unskilled]
   morning star       [Unskilled]
   flail              [Unskilled]
   hammer             [Unskilled]
   quarterstaff       [Unskilled]
   spear              [Unskilled]
   trident            [Unskilled]
   bow                [Unskilled]
 Spellcasting Skills
   attack spells      [Unskilled]
   escape spells      [Unskilled]

Voluntary challenges:
 Character rerolling was not enabled.
 You never genocided any monsters.
 You never polymorphed an object.
 You never changed form.
 You used no wishes.
 You did not violate any of the special Sokoban rules.
Achievements:
 You attained the rank of Pillager.
 You entered Sokoban.

 The Dungeons of Doom: levels 1 to 6
    Level 1:
       A fountain.
    Level 2:
    Level 3:
    Level 4:
       A fountain, a sink.
    Level 5:
       Many fountains.
    Level 6:
       Stairs up to Sokoban, level 5.
 Sokoban: levels 5 up to 3
    Level 3: <- You were here.
       Solved.
       Final resting place for
          you, killed by a ghoul, while paralyzed.
    Level 4:
       Solved.
    Level 5:
       Solved.


Vanquished creatures:
  2 leprechauns
  3 soldier ants
  2 Uruk-hai
  a rock mole
  a giant ant
  a little dog
  3 iguanas
  a hobbit
  3 giant rats
  a gnome
  a gnome zombie
  a gecko
  7 jackals
  2 foxes
  a goblin
  a sewer rat
  2 grid bugs
  a lichen
  a kobold zombie
  a newt
36 creatures vanquished.

No species were genocided or became extinct.

Game over:
                       ----------
                      /          \
                     /    REST    \
                    /      IN      \
                   /     PEACE      \
                  /                  \
                  |    Enkindle23    |
                  |      332 Au      |
                  |   killed by a    |
                  |      ghoul       |
                  |                  |
                  |                  |
                  |       2026       |
                 *|     *  *  *      | *
        _________)/\\_//(\/(/\)/\//\/|_)_______

Goodbye Enkindle23 the Barbarian...

You died in Sokoban on dungeon level 3 with 1693 points,
and 332 pieces of gold, after 2541 moves.
You were level 5 with a maximum of 59 hit points when you died.

